[Event "Team 45 45 League T69"]
[Site "Internet Chess Club"]
[Date "2016.06.23"]
[Round "3"]
[White "ChessHouston"]
[Black "JasonModer"]
[Result "0-1"]
[WhiteElo "1909"]
[BlackElo "1966"]
[Opening "Sicilian: Kan, Maróczy bind (Réti variation)"]
[ECO "B41"]
[Time "14:06:07"]
[TimeControl "2700+45"]

1. e4 c5 2. Nf3 e6 3. d4 cxd4 4. Nxd4 a6 5. c4 Nf6 6. Nc3 Bb4 7. e5 Ne4 8. Qg4
Nxc3 9. a3 Bf8 10. bxc3 d6 11. f4 dxe5 12. fxe5 Nd7 13. Qg3 Qa5 14. Bf4 g5 15.
Bd2 Be7 16. Nf3 Nc5 17. Be2 Ne4 18. Qg4 Nxd2 19. Kxd2 Bd7 20. Rhe1 O-O-O 21. Bd3
h5 22. Qg3 g4 23. Nd4 Bg5+ 24. Kc2 Ba4+ 25. Nb3 h4 {White resigns} 0-1

[Event "Team 45 45 League T69"]
[Site "Internet Chess Club"]
[Date "2016.06.23"]
[Round "3"]
[White "komodeo"]
[Black "cysk"]
[Result "1-0"]
[WhiteElo "1766"]
[BlackElo "1776"]
[Opening "Scandinavian: Pytel-Wade variation"]
[ECO "B01"]
[Time "20:13:18"]
[TimeControl "2700+45"]

1. e4 d5 2. exd5 Qxd5 3. Nc3 Qd6 4. d4 Nf6 5. Bc4 a6 6. Bb3 e6 7. Nge2 Be7 8.
Bf4 Qb6 9. O-O O-O 10. Qd3 Nc6 11. Rfd1 Rd8 12. Qg3 Bd6 13. Be5 Bxe5 14. dxe5
Nd7 15. Nf4 Ncxe5 16. Ne4 Rf8 17. Rxd7 Nxd7 18. Nh5 g6 19. Nef6+ Kh8 20. Nxd7
Bxd7 21. Qe5+ f6 22. Nxf6 Rxf6 23. Qxf6+ Kg8 24. Re1 Re8 25. h4 Qd6 26. h5 Qe7
27. Qf4 c6 28. hxg6 hxg6 29. c3 Rf8 30. Qg3 Kg7 31. Re4 Rf5 32. Rg4 Rf6 33. Qe5
Kh7 34. Rh4+ Kg8 35. Rd4 Bc8 36. Bc2 Qf8 37. Qg5 Kg7 38. Rh4 Kg8 39. Bxg6 Qg7
40. Bh7+ Kf8 41. Qe5 Rh6 42. Rf4+ {Black resigns} 1-0

[Event "Team 45 45 League T69"]
[Site "Internet Chess Club"]
[Date "2016.06.26"]
[Round "3"]
[White "Portola"]
[Black "anna"]
[Result "1/2-1/2"]
[WhiteElo "1852"]
[BlackElo "1822"]
[Opening "Queen's pawn game"]
[ECO "D00"]
[Time "17:00:14"]
[TimeControl "2700+45"]

1. d4 d5 2. c3 Bf5 3. Nf3 Nf6 4. Bg5 e6 5. e3 h6 6. Bh4 Be7 7. Nbd2 Nbd7 8. Be2
c5 9. O-O O-O 10. Bg3 Qb6 11. Qb3 Qxb3 12. Nxb3 c4 13. Na5 b6 14. Nc6 Rfe8 15.
Nxe7+ Rxe7 16. h3 Ne4 17. Bh2 Rc8 18. a4 a5 19. Rfd1 Ree8 20. Nd2 Nxd2 21. Rxd2
Nf6 22. f3 Red8 23. g4 Bh7 24. h4 g5 25. hxg5 hxg5 26. Bg3 Nd7 27. Bf1 Kg7 28.
Rh2 Bg6 29. Re1 Rh8 30. e4 Rxh2 31. Bxh2 dxe4 32. fxe4 Kf8 33. Bg2 Ke7 34. Bf3
Nf6 35. Kg2 Nd7 36. Bg3 Rh8 37. Re3 Rc8 38. Re1 Rh8 39. Re2 Rc8 {Game drawn by
mutual agreement} 1/2-1/2

[Event "Team 45 45 League T69"]
[Site "Internet Chess Club"]
[Date "2016.06.23"]
[Round "3"]
[White "ChessHouston"]
[Black "IshanR"]
[Result "1-0"]
[WhiteElo "1925"]
[BlackElo "1897"]
[Opening "Scandinavian defense"]
[ECO "B01"]
[Time "20:21:37"]
[TimeControl "2700+45"]

1. e4 d5 2. exd5 Nf6 3. Nf3 Bg4 4. Bb5+ c6 5. dxc6 Nxc6 6. d4 Qb6 7. Nc3 O-O-O
8. Bxc6 Qxc6 9. Bf4 e6 10. Qd3 Bc5 11. Be5 Bb4 12. O-O Bxc3 13. bxc3 Nd5 14. c4
Nb4 15. Qb3 Bxf3 16. Qxb4 Be2 17. Rfe1 Qxc4 18. Qa5 f6 19. Bg3 e5 20. dxe5
{Black resigns} 1-0

[Event "Team 45 45 League T69"]
[Site "Internet Chess Club"]
[Date "2016.06.27"]
[Round "3"]
[White "cityprosecutor"]
[Black "LiangLiang"]
[Result "1-0"]
[WhiteElo "1766"]
[BlackElo "1838"]
[Opening "Sicilian defense"]
[ECO "B20"]
[Time "20:03:27"]
[TimeControl "2700+45"]

1. e4 c5 2. d3 Nc6 3. g3 g6 4. Bg2 Bg7 5. f4 e6 6. Nf3 Nge7 7. O-O O-O 8. Nbd2
d6 9. c3 b5 10. Nh4 Qb6 11. g4 Ba6 12. f5 g5 13. Nhf3 h6 14. h4 Bf6 15. e5 c4+
16. Kh1 Bxe5 17. d4 Bf4 18. Ne4 exf5 19. Nf6+ Kg7 20. Nh5+ Kh8 21. hxg5 hxg5 22.
Bxf4 gxf4 23. g5 Nd5 24. Nh4 Ne3 25. Qf3 Nxg2 26. Nf6 Kg7 27. Qh5 {Black
resigns} 1-0

[Event "Team 45 45 League T69"]
[Site "Internet Chess Club"]
[Date "2016.06.26"]
[Round "3"]
[White "platolag"]
[Black "Frankly"]
[Result "1-0"]
[WhiteElo "1698"]
[BlackElo "1736"]
[Opening "Queen's gambit accepted"]
[ECO "D20"]
[Time "09:11:44"]
[TimeControl "2700+45"]

1. d4 d5 2. c4 dxc4 3. Nc3 a6 4. e4 b5 5. Nf3 Bg4 6. Be2 Nc6 7. Be3 e6 8. h3 Bh5
9. O-O Nf6 10. e5 Nd5 11. Bg5 Be7 12. Bxe7 Qxe7 13. a4 b4 14. Ne4 O-O 15. Ng3
Bg6 16. Bxc4 Nb6 17. Bd3 Bxd3 18. Qxd3 Rad8 19. a5 Nd5 20. Qxa6 Qe8 21. Rfc1
Nde7 22. Qd3 Nf5 23. Nxf5 exf5 24. Qb5 Nxd4 25. Nxd4 Rxd4 26. Qxe8 Rxe8 27. Rxc7
h6 28. a6 Ra8 29. a7 Rdd8 30. Ra4 Kh7 31. Rxb4 Rd1+ 32. Kh2 Ra1 33. Rbb7 {Black
resigns} 1-0

[Event "Team 45 45 League T69"]
[Site "Internet Chess Club"]
[Date "2016.06.26"]
[Round "3"]
[White "Constrictor"]
[Black "watkins"]
[Result "0-1"]
[WhiteElo "1555"]
[BlackElo "1515"]
[Opening "Sicilian: Canal-Sokolsky (Nimzovich-Rossolimo, Moscow) attack"]
[ECO "B51"]
[Time "09:31:42"]
[TimeControl "2700+45"]

1. e4 c5 2. Nf3 d6 3. Bb5+ Nd7 4. O-O a6 5. Bxd7+ Qxd7 6. d4 cxd4 7. Qxd4 Nf6 8.
c4 e6 9. Nc3 Be7 10. Bg5 O-O 11. Rad1 Rd8 12. b3 Qc7 13. Na4 b5 14. Nb6 Rb8 15.
Nxc8 Qxc8 16. Rc1 Qb7 17. e5 dxe5 18. Qxe5 bxc4 19. Rxc4 Nd5 20. Bxe7 Qxe7 21.
Nd4 Qd6 22. Qxd6 Rxd6 23. Rfc1 g6 24. g3 Kg7 25. Nc6 Rb7 26. Ne5 h5 27. Ra4 Kf6
28. f4 Kf5 29. Rc8 Nb6 30. Nxf7 Rxf7 31. Rxa6 Nxc8 {White resigns} 0-1

[Event "Team 45 45 League T69"]
[Site "Internet Chess Club"]
[Date "2016.06.27"]
[Round "3"]
[White "MikeTtheGuru"]
[Black "jonesey"]
[Result "1-0"]
[WhiteElo "1969"]
[BlackElo "1989"]
[Opening "English: symmetrical variation"]
[ECO "A35"]
[Time "18:09:01"]
[TimeControl "2700+45"]

1. c4 c5 2. Nc3 Nc6 3. Nf3 g6 4. e3 Nf6 5. d4 cxd4 6. exd4 d5 7. Bg5 Be6 8. Qb3
Na5 9. Qa3 dxc4 10. d5 Bd7 11. O-O-O b5 12. d6 Nb7 13. Re1 e6 14. Nd5 Nxd5 15.
Bxd8 Bxd6 16. Qa6 Bf4+ 17. Kb1 Nc5 18. Qa3 Na4 19. Ba5 b4 20. Bxb4 Rb8 21. Bxc4
Nxb4 22. Ne5 Bxe5 23. Rxe5 O-O 24. Bb3 Nd3 25. Re2 Nac5 26. Bc4 Nb4 27. Qe3 Rfc8
28. Rc1 e5 29. Bxf7+ Kxf7 30. Rxc5 Bf5+ 31. Ka1 Rxc5 32. Qxc5 Rc8 33. Qxa7+ Kg8
34. b3 Nd3 35. a4 Nc1 36. Rxe5 Bc2 37. Re7 Nxb3+ 38. Kb2 g5 39. Rg7+ Kh8 40.
Rxg5 {Black resigns} 1-0

[Event "Team 45 45 League T69"]
[Site "Internet Chess Club"]
[Date "2016.06.26"]
[Round "3"]
[White "fledermaus"]
[Black "jjimalo"]
[Result "1-0"]
[WhiteElo "1920"]
[BlackElo "1831"]
[Opening "King's Indian: orthodox, Aronin-Taimanov, bayonet attack"]
[ECO "E97"]
[Time "12:07:52"]
[TimeControl "2700+45"]

1. Nf3 Nf6 2. c4 g6 3. Nc3 Bg7 4. e4 d6 5. d4 O-O 6. Be2 e5 7. O-O Nc6 8. d5 Ne7
9. b4 Nh5 10. Re1 f5 11. Ng5 Nf6 12. Bf3 c6 13. b5 cxd5 14. cxd5 h6 15. Ne6 Bxe6
16. dxe6 fxe4 17. Nxe4 Nxe4 18. Bxe4 d5 19. Ba3 dxe4 20. Qxd8 Rfxd8 21. Bxe7 Re8
22. Bc5 Rxe6 23. Rac1 a6 24. a4 axb5 25. axb5 b6 26. Be3 Ra5 27. Rc6 Kf7 28. Rb1
Rxc6 29. bxc6 Ke6 30. Bxb6 Ra6 31. c7 Kd7 32. Rd1+ {Black resigns} 1-0

[Event "Team 45 45 League T69"]
[Site "Internet Chess Club"]
[Date "2016.07.03"]
[Round "3"]
[White "pishd"]
[Black "LookImYourVader"]
[Result "1/2-1/2"]
[WhiteElo "1821"]
[BlackElo "1703"]
[Opening "Queen's pawn game"]
[ECO "A46"]
[Time "13:08:27"]
[TimeControl "2700+45"]

1. d4 Nf6 2. Nf3 c5 3. e3 e6 4. Bd3 Nc6 5. c3 d5 6. Nbd2 cxd4 7. exd4 Bd6 8. O-O
O-O 9. Re1 Qc7 10. Qe2 Nd7 11. Nf1 e5 12. dxe5 Ndxe5 13. Nxe5 Nxe5 14. h3 Be6
15. Be3 Nxd3 16. Qxd3 Qc4 17. Red1 Rfd8 18. Bd4 Qxd3 19. Rxd3 Bf5 20. Rd2 b5 21.
a3 Bf4 22. Be3 Bd6 23. Bd4 {Game drawn by mutual agreement} 1/2-1/2

[Event "Team 45 45 League T69"]
[Site "Internet Chess Club"]
[Date "2016.06.22"]
[Round "3"]
[White "az2112"]
[Black "elmaestro"]
[Result "0-1"]
[WhiteElo "1600"]
[BlackElo "1742"]
[Opening "Sicilian: Najdorf, Lipnitzky attack"]
[ECO "B86"]
[Time "21:06:30"]
[TimeControl "2700+45"]

1. e4 c5 2. Nf3 d6 3. d4 cxd4 4. Nxd4 Nf6 5. Nc3 a6 6. Bc4 e6 7. Bb3 Be7 8. f4
O-O 9. Qf3 Qc7 10. Be3 Nc6 11. O-O-O Bd7 12. g4 Nxd4 13. Bxd4 e5 14. Be3 Bxg4
{White resigns} 0-1

[Event "Team 45 45 League T69"]
[Site "Internet Chess Club"]
[Date "2016.06.22"]
[Round "3"]
[White "idjit"]
[Black "QuieroAprender"]
[Result "1/2-1/2"]
[WhiteElo "1531"]
[BlackElo "1537"]
[Opening "Giuoco Pianissimo"]
[ECO "C55"]
[Time "16:40:50"]
[TimeControl "2700+45"]

1. e4 e5 2. Nf3 Nc6 3. Bc4 Nf6 4. d3 Bc5 5. c3 O-O 6. Bb3 d5 7. Nbd2 dxe4 8.
dxe4 Bg4 9. Qe2 Qe8 10. Nf1 a6 11. Ng3 h6 12. O-O Rd8 13. h3 Bc8 14. Nh4 Ne7 15.
Qf3 Nh7 16. Ngf5 Nxf5 17. exf5 Qd7 18. f6 Nxf6 19. Bxh6 Qd3 20. Bg5 Qxf3 21.
Nxf3 Rfe8 22. Rfe1 Bd6 23. Rad1 Rd7 24. Bxf6 gxf6 25. Nh4 Bf8 26. Bc2 Red8 27.
g4 Rxd1 28. Rxd1 Rxd1+ 29. Bxd1 f5 30. Kg2 fxg4 31. Bxg4 Bxg4 32. hxg4 c5 33. c4
b5 34. b3 Kg7 35. Kf3 Kf6 36. Nf5 Kg5 37. Ne3 Bd6 38. Nd5 e4+ 39. Kxe4 Kxg4 40.
Ne3+ Kg5 41. Kd5 Bf8 42. Kc6 b4 43. Kd5 Kf4 44. Nc2 Kf3 45. a3 a5 46. axb4 axb4
{Game drawn by mutual agreement} 1/2-1/2

[Event "Team 45 45 League T69"]
[Site "Internet Chess Club"]
[Date "2016.06.26"]
[Round "3"]
[White "drsigmund1"]
[Black "Gojira"]
[Result "0-1"]
[WhiteElo "1485"]
[BlackElo "1608"]
[Opening "Queen's pawn, Mason variation, Steinitz counter-gambit"]
[ECO "D00"]
[Time "21:02:27"]
[TimeControl "2700+45"]

1. d4 d5 2. Bf4 c5 3. c3 Bf5 4. Nf3 e6 5. Nbd2 Nc6 6. e3 h6 7. Be2 Nf6 8. h3
cxd4 9. Nxd4 Nxd4 10. cxd4 a6 11. O-O Bd6 12. Bxd6 Qxd6 13. Qa4+ Qd7 14. Qxd7+
Kxd7 15. Rac1 Rhc8 16. Nb3 Ne4 17. Bd3 Nd2 18. Nc5+ Rxc5 19. Rxc5 Bxd3 20. Rd1
Nc4 21. b3 b6 22. Rxd3 bxc5 23. bxc4 dxc4 24. Rc3 cxd4 25. exd4 Rc8 26. Kf1 Kd6
27. Ke2 Kd5 28. Ke3 Rb8 29. Ra3 Rb6 30. Ra5+ Kd6 31. g4 Rc6 32. Kd2 Kc7 33. Kc3
Kb6 34. Ra4 a5 35. Rxc4 Rxc4+ 36. Kxc4 Kc6 37. f4 g5 38. fxg5 hxg5 39. a3 f5 40.
gxf5 exf5 41. d5+ Kd6 42. Kd4 g4 43. hxg4 fxg4 44. Ke4 a4 45. Kf4 Kxd5 46. Kxg4
Kc4 47. Kf4 Kb3 48. Ke4 Kxa3 49. Kd3 Kb2 {White resigns} 0-1

[Event "Team 45 45 League T69"]
[Site "Internet Chess Club"]
[Date "2016.06.26"]
[Round "3"]
[White "guyd52"]
[Black "pcvan"]
[Result "0-1"]
[WhiteElo "1333"]
[BlackElo "1494"]
[Opening "Réti: King's Indian attack (Barcza system)"]
[ECO "A07"]
[Time "09:08:58"]
[TimeControl "2700+45"]

1. Nf3 d5 2. g3 Nf6 3. Bg2 e6 4. d3 Be7 5. Nbd2 c5 6. O-O Nc6 7. b3 O-O 8. Bb2
b6 9. e4 Bb7 10. Qe2 Qc7 11. c3 a5 12. Bh3 Rfd8 13. e5 Nd7 14. Rfe1 Nf8 15. d4
cxd4 16. cxd4 Ba6 17. Qe3 Nb4 18. Qf4 Nd3 19. Rac1 Qd7 20. Qe3 Nxb2 21. Bf1 Bxf1
22. Rxf1 Qb5 23. Ne1 Rdc8 24. Rb1 Ba3 25. Kg2 Rc7 26. Ndf3 Rac8 27. Qd2 Nc4 28.
Qd3 Nd7 29. bxc4 Qxc4 30. Qxa3 f6 31. Rc1 Qxc1 32. Qd6 Qc6 33. Qa3 Qb5 34. Qd6
Qc6 35. Qa3 Kf7 36. Qd3 Kg8 37. Qa3 Nb8 38. Nd3 Qc3 39. Qxc3 Rxc3 40. Nf4 Kf7
41. Rh1 R8c4 42. h4 Nc6 43. h5 Nxd4 44. Nd2 Ra4 45. Nb1 Rc2 46. h6 g6 47. exf6
Raxa2 48. Rh4 Rxf2+ 49. Kh3 Nf5 {White resigns} 0-1

[Event "Team 45 45 League T69"]
[Site "Internet Chess Club"]
[Date "2016.06.24"]
[Round "3"]
[White "olivermx"]
[Black "bhandelman"]
[Result "1-0"]
[WhiteElo "1339"]
[BlackElo "1292"]
[Opening "Sicilian: Canal-Sokolsky (Nimzovich-Rossolimo, Moscow) attack"]
[ECO "B51"]
[Time "09:05:51"]
[TimeControl "2700+45"]

1. e4 c5 2. Nf3 d6 3. Bb5+ Nc6 4. d3 Bd7 5. O-O Nf6 6. Bg5 e6 7. Re1 Be7 8. Nbd2
a6 9. Ba4 b5 10. Bb3 Na5 11. c3 Nxb3 12. axb3 O-O 13. c4 Ra7 14. Bxf6 Bxf6 15.
Nf1 Bxb2 16. Rb1 Bc3 17. Re2 b4 18. Ng3 a5 19. Ra2 a4 20. bxa4 Qa5 21. Qe2 Qb6
22. Qd1 Rfa8 23. Ne2 Bxa4 24. Qc1 b3 25. Nxc3 bxa2 26. Rxb6 a1=Q 27. Qxa1 Be8
28. Qb2 Ra1+ 29. Nb1 R8a2 30. Rb8 Kf8 31. Qc1 {Black resigns} 1-0

[Event "Team 45 45 League T69"]
[Site "Internet Chess Club"]
[Date "2016.06.24"]
[Round "3"]
[White "bmw2002"]
[Black "Innes"]
[Result "1/2-1/2"]
[WhiteElo "1435"]
[BlackElo "1558"]
[Opening "English: Anglo-Dutch defense"]
[ECO "A10"]
[Time "17:14:35"]
[TimeControl "2700+45"]

1. c4 f5 2. g3 Nf6 3. Bg2 e5 4. Nc3 c6 5. d3 d5 6. Bg5 Be7 7. Bxf6 Bxf6 8. cxd5
O-O 9. dxc6 Nxc6 10. Nf3 Qb6 11. Qb3+ Qxb3 12. axb3 Be6 13. Nd2 Nd4 14. Bxb7
Rab8 15. Rxa7 Rf7 16. Ra6 Rfxb7 17. e3 Bc8 18. exd4 Re7 19. Rxf6 gxf6 20. d5 Ra7
21. O-O Rba8 22. Nc4 f4 23. Kg2 Bf5 24. Ne4 Kg7 25. gxf4 Bxe4+ 26. dxe4 exf4 27.
Kf3 Rb8 28. Rg1+ Kf8 29. Kxf4 Rg7 30. Ra1 Rxb3 31. Kf5 Rf3+ 32. Ke6 Re7+ 33. Kd6
Rxe4 34. Nd2 Ref4 35. Nxf3 Rxf3 36. Rc1 Rxf2 37. Kc7 Rxb2 38. d6 Ra2 39. Kd7 Kf7
40. Rc7 Rd2 41. Kc6+ Ke6 42. Re7+ Kf5 43. d7 Rc2+ 44. Kb7 Rd2 45. Kc8 Rc2+ 46.
Kd8 Rg2 47. Re8 Rxh2 48. Ke7 Re2+ 49. Kf7 Rd2 50. d8=Q Rxd8 51. Rxd8 h5 52. Rd4
Kg5 53. Rd5+ f5 54. Ke6 h4 55. Rxf5+ Kg4 56. Ke5 h3 57. Ke4 Kg3 58. Ke3 Kg2 59.
Rg5+ Kf1 60. Kf3 h2 61. Rh5 Kg1 62. Rg5+ Kf1 63. Rh5 Kg1 64. Kg3 h1=Q 65. Rxh1+
Kxh1 {Game drawn because neither player has mating material} 1/2-1/2

[Event "Team 45 45 League T69"]
[Site "Internet Chess Club"]
[Date "2016.06.27"]
[Round "3"]
[White "Leon13"]
[Black "chuckh2"]
[Result "1-0"]
[WhiteElo "1324"]
[BlackElo "1398"]
[Opening "French: Labourdonnais variation"]
[ECO "C00"]
[Time "12:00:20"]
[TimeControl "2700+45"]

1. e4 e6 2. f4 d5 3. e5 c5 4. Nc3 a6 5. Nf3 Nc6 6. d3 Nge7 7. Be2 Nf5 8. O-O Be7
9. Bd2 O-O 10. Ng5 Bxg5 11. fxg5 Nxe5 12. Bf4 Nc6 13. Bf3 e5 14. Bd2 Be6 15. Bg4
Qd7 16. Na4 Qe7 17. Bxf5 Bxf5 18. Rxf5 Nd4 19. Rf1 Qd6 20. c3 Ne6 21. b3 b5 22.
Nb2 a5 23. Qg4 Rae8 24. Rf5 Qc7 25. Re1 c4 26. d4 exd4 27. cxd4 cxb3 28. Rc1
bxa2 29. Ra1 Qc2 30. Bc1 Nxd4 31. Rf1 Ne2+ 32. Kh1 Nxc1 33. Rfxc1 Qxb2 34. h4 b4
35. Rf1 b3 36. Qd1 d4 37. h5 Re2 38. Rg1 Rfe8 39. h6 Rd2 40. Qf3 Qc2 41. Rgf1
Qg6 42. Qxb3 Qh5+ 43. Kg1 Rxg2+ 44. Kxg2 Re2+ 45. Rf2 Qxg5+ 46. Kf1 Re8 47.
Qxf7+ Kh8 48. Qxe8# {Black checkmated} 1-0

[Event "Team 45 45 League T69"]
[Site "Internet Chess Club"]
[Date "2016.06.26"]
[Round "3"]
[White "BrerRabbit"]
[Black "Andressa"]
[Result "1/2-1/2"]
[WhiteElo "1451"]
[BlackElo "1454"]
[Opening "Queen's pawn, Mason variation"]
[ECO "D00"]
[Time "19:14:03"]
[TimeControl "2700+45"]

1. d4 d5 2. Bf4 Nf6 3. e3 e6 4. Nd2 Bd6 5. Bg3 O-O 6. Bd3 Nbd7 7. Ngf3 h6 8. Ne5
Qe7 9. O-O c5 10. c3 c4 11. Bc2 Re8 12. e4 Nb6 13. Ng6 fxg6 14. e5 Bxe5 15. dxe5
Nh5 16. Bxg6 Nxg3 17. hxg3 Rf8 18. Nf3 Nd7 19. Re1 b5 20. Nd4 Ba6 21. Qg4 Nc5
22. Nc6 Qg5 23. Qxg5 hxg5 24. Nd4 Bc8 25. Rab1 a5 26. Nxb5 Bd7 27. Nd4 Rab8 28.
b3 cxb3 29. axb3 Rb7 30. Re2 Be8 31. Bxe8 Rxe8 32. Re3 Ne4 33. Ra1 Ra7 34. Nc6
Rb7 35. Nxa5 Rf7 36. f3 Nxg3 37. b4 Nf5 38. Ree1 Rc7 39. Rec1 Rec8 40. Nb3 Rxc3
41. Rxc3 Rxc3 42. Nc5 Nd4 43. Ra6 Kf7 44. Ra7+ Kg6 45. Ra6 Kf5 46. Ra7 g6 47.
Rf7+ Kxe5 48. Nd7+ Kd6 49. Nc5 Ke5 50. Nd7+ Kd6 51. Nc5 Ke5 {Game drawn by
repetition} 1/2-1/2

[Event "Team 45 45 League T69"]
[Site "Internet Chess Club"]
[Date "2016.06.26"]
[Round "3"]
[White "BrianWood"]
[Black "artspir"]
[Result "1/2-1/2"]
[WhiteElo "1391"]
[BlackElo "1169"]
[Opening "QGD Slav: 4.Nc3"]
[ECO "D15"]
[Time "14:00:29"]
[TimeControl "2700+45"]

1. d4 d5 2. c4 c6 3. Nf3 Nf6 4. Nc3 Bf5 5. e3 e6 6. cxd5 exd5 7. a4 Nbd7 8. Bd3
Bxd3 9. Qxd3 Bd6 10. e4 dxe4 11. Nxe4 Bb4+ 12. Bd2 Bxd2+ 13. Nfxd2 O-O 14. Nxf6+
Nxf6 15. O-O Re8 16. Nf3 Nd5 17. Rfe1 Nf4 18. Rxe8+ Qxe8 19. Qb3 b6 20. Ne5 Ne6
21. Qc4 Rc8 22. Re1 Rc7 23. d5 cxd5 24. Qxd5 Ng5 25. Nd3 Re7 26. Rxe7 Qxe7 27.
Qa8+ Qf8 28. Qxa7 Qd8 29. b4 h5 30. Qa6 h4 31. Qb5 h3 32. a5 bxa5 33. bxa5 Qf6
34. Ne1 Qa1 35. Qf1 hxg2 36. Kxg2 Qxa5 37. Qe2 Qd5+ 38. f3 Qf5 39. Qe8+ Kh7 40.
Qe3 Qh3+ 41. Kg1 Qf5 {Game drawn by mutual agreement} 1/2-1/2

[Event "Team 45 45 League T69"]
[Site "Internet Chess Club"]
[Date "2016.06.22"]
[Round "3"]
[White "nosir"]
[Black "zorori"]
[Result "1-0"]
[WhiteElo "1548"]
[BlackElo "1688"]
[Opening "King's Indian: Torre attack"]
[ECO "A48"]
[Time "19:19:53"]
[TimeControl "2700+45"]

1. d4 Nf6 2. Nf3 g6 3. Bg5 Bg7 4. c3 O-O 5. Nbd2 d5 6. e3 Bf5 7. Be2 Nbd7 8. O-O
c5 9. Re1 Rc8 10. Nf1 Ne4 11. Bf4 Rc6 12. Ng3 Ndf6 13. Nxf5 gxf5 14. Ne5 Rb6 15.
Rb1 e6 16. f3 Nd6 17. dxc5 Nh5 18. cxb6 Nxf4 19. exf4 Qxb6+ 20. Kf1 Rd8 21. Qa4
a6 22. Red1 Rc8 23. Qb3 Qc7 24. g3 b5 25. a4 Nc4 26. Nxc4 bxc4 27. Qc2 Rb8 28.
b3 cxb3 29. Rxb3 a5 30. Rxb8+ Qxb8 31. Rb1 Qc7 32. Qb2 Bxc3 33. Qb8+ Qxb8 34.
Rxb8+ Kg7 35. Bb5 Bb4 36. Ke2 Kf6 37. g4 fxg4 38. fxg4 h6 39. h3 e5 40. fxe5+
Kxe5 41. Rd8 d4 42. Kf3 Bc3 43. Rd7 f6 44. Rd8 Ke6 45. Ke4 Bb2 46. Rd5 Bc3 47.
Rh5 Kf7 48. Rxh6 Kg7 49. Rh5 Kg6 50. Rd5 Kg7 51. Rxd4 Bxd4 52. Kxd4 Kg6 53. Kc5
Kg5 54. Kb6 Kh4 55. Kxa5 Kxh3 56. Bd7 Kg3 57. Kb6 Kf4 58. a5 Ke5 59. a6 Kd6 60.
a7 Kxd7 61. a8=Q Kd6 62. Qc8 Ke5 63. Kc5 Kf4 64. Kd4 Kg5 65. Ke4 Kg6 66. Qe8+
Kg5 67. Qh5# {Black checkmated} 1-0

[Event "Team 45 45 League T69"]
[Site "Internet Chess Club"]
[Date "2016.06.25"]
[Round "3"]
[White "houseofcook"]
[Black "rubo"]
[Result "1/2-1/2"]
[WhiteElo "1443"]
[BlackElo "1560"]
[Opening "Caro-Kann: exchange variation"]
[ECO "B13"]
[Time "14:00:30"]
[TimeControl "2700+45"]

1. e4 c6 2. d4 d5 3. exd5 cxd5 4. Bd3 Nc6 5. c3 Qc7 6. Ne2 e6 7. Bf4 Bd6 8. Bxd6
Qxd6 9. Nd2 Nf6 10. O-O O-O 11. Ng3 e5 12. dxe5 Nxe5 13. Be2 Be6 14. Nf3 Nxf3+
15. Bxf3 Rfd8 16. Qd4 Qc7 17. Rfe1 Rd7 18. Rad1 b6 19. h3 Rad8 20. Nh5 Nxh5 21.
Bxh5 h6 22. Bf3 Qc4 23. Qxc4 dxc4 24. Rxd7 Rxd7 25. Rd1 Rxd1+ 26. Bxd1 Kf8 27.
Bf3 Ke7 28. Kf1 Kd6 29. Ke2 Kc5 30. Ke3 b5 31. a3 a5 32. Be4 Bd5 33. Bxd5 Kxd5
34. f3 g5 35. Kd2 Ke5 36. Ke3 f5 37. g3 f4+ 38. gxf4+ gxf4+ 39. Ke2 Kd5 40. Kd2
Kc5 41. Kc2 b4 42. a4 Kd5 43. Kd2 Ke5 44. Ke2 b3 45. Kf2 Kf5 46. Kg2 Kg5 47. Kh2
Kh4 48. Kg2 {Game drawn by mutual agreement} 1/2-1/2

[Event "Team 45 45 League T69"]
[Site "Internet Chess Club"]
[Date "2016.06.27"]
[Round "3"]
[White "supraholic"]
[Black "JohLeb"]
[Result "0-1"]
[WhiteElo "1398"]
[BlackElo "1385"]
[Opening "Sicilian"]
[ECO "B50"]
[Time "21:30:28"]
[TimeControl "2700+45"]

1. e4 c5 2. Nf3 d6 3. Bc4 Nf6 4. d3 Nc6 5. Nc3 Bg4 6. O-O Ne5 7. Bb5+ Nfd7 8.
Nxe5 Bxd1 9. Bxd7+ Qxd7 10. Nxd7 Bxc2 11. Nxf8 Rxf8 12. Re1 Bxd3 13. Nd5 Kd7 14.
Re3 Bc4 15. b3 Bxd5 16. exd5 e6 17. dxe6+ fxe6 18. Bb2 Rf7 19. Rae1 Re8 20. Rd1
d5 21. Rdd3 d4 22. Rf3 Ref8 23. Rxf7+ Rxf7 24. Ba3 Kc6 25. b4 b6 26. g3 e5 27.
bxc5 bxc5 28. Bc1 c4 29. Ra3 Rb7 30. Kg2 Rb1 31. Bd2 Rd1 32. Ba5 e4 33. h4 Rd3
34. Rxd3 exd3 35. Kf1 Kb5 36. Bd2 Ka4 37. Bc1 Kb4 38. Ke1 a5 39. f4 h5 40. f5 c3
41. a3+ Kb3 42. Kd1 a4 43. Ke1 d2+ 44. Bxd2 cxd2+ 45. Kxd2 Kxa3 {White resigns}
0-1

[Event "Team 45 45 League T69"]
[Site "Internet Chess Club"]
[Date "2016.06.23"]
[Round "3"]
[White "joaoazm"]
[Black "g8wrb"]
[Result "0-1"]
[WhiteElo "1142"]
[BlackElo "1324"]
[Opening "French: advance, Nimzovich system"]
[ECO "C02"]
[Time "11:02:52"]
[TimeControl "2700+45"]

1. e4 e6 2. d4 d5 3. e5 c5 4. Nf3 Nc6 5. Bb5 Bd7 6. Bxc6 bxc6 7. O-O cxd4 8.
Qxd4 c5 9. Qd3 Ne7 10. Bg5 Qb6 11. b3 Ng6 12. g3 h6 13. Be3 Be7 14. Rd1 O-O 15.
c4 d4 16. Bd2 Bc6 17. Be1 Bxf3 18. Qxf3 Nxe5 19. Qe4 Bf6 20. Nd2 Rad8 21. Rab1
a5 22. a4 Qc6 23. Qxc6 Nxc6 24. Ne4 Be7 25. f4 f6 26. Rd3 Bd6 27. Nxd6 Rxd6 28.
Bd2 e5 29. fxe5 fxe5 30. g4 e4 31. Rg3 e3 32. Be1 Rdf6 33. Kg2 Rf1 34. g5 h5 35.
g6 R8f5 36. Kh3 Nb4 37. Bxb4 Rxb1 38. Bxc5 Rxc5 39. Rf3 Rxb3 40. Rf4 Rxc4 41.
Re4 Kf8 42. Kh4 Rbb4 43. Rf4+ Ke7 44. Kxh5 d3 45. Rf7+ Ke6 46. Rxg7 Rh4+ 47. Kg5
Rbg4# {White checkmated} 0-1

[Event "Team 45 45 League T69"]
[Site "Internet Chess Club"]
[Date "2016.06.22"]
[Round "3"]
[White "cityprosecutor"]
[Black "krysto"]
[Result "0-1"]
[WhiteElo "1745"]
[BlackElo "1617"]
[Opening "French: King's Indian attack"]
[ECO "C00"]
[Time "18:04:12"]
[TimeControl "2700+45"]

1. e4 e6 2. d3 d5 3. Nd2 Nf6 4. g3 c5 5. f4 Nc6 6. Bg2 b5 7. Ngf3 a5 8. a3 Ba6
9. O-O Qb6 10. h3 c4+ 11. Kh2 Be7 12. exd5 exd5 13. dxc4 dxc4 14. c3 Bb7 15. Re1
O-O 16. Nf1 Rad8 17. Qc2 Rfe8 18. Be3 Bc5 19. Bxc5 Qxc5 20. Ne5 Nxe5 21. Bxb7
Nd3 22. Re2 Rxe2+ 23. Qxe2 Re8 24. Qg2 Nf2 25. Bf3 h5 26. g4 hxg4 27. hxg4 Nd3
28. Qd2 Nf2 29. g5 N6e4 30. Qe2 Qf5 31. Bg2 Qxf4+ 32. Kg1 Qxg5 33. Re1 Nh3+ 34.
Kh2 Qf4+ 35. Kxh3 Ng5# {White checkmated} 0-1

[Event "Team 45 45 League T69"]
[Site "Internet Chess Club"]
[Date "2016.06.23"]
[Round "3"]
[White "scostanzo212"]
[Black "Hal2001"]
[Result "0-1"]
[WhiteElo "1512"]
[BlackElo "1667"]
[Opening "Benoni: Taimanov variation"]
[ECO "A67"]
[Time "21:01:41"]
[TimeControl "2700+45"]

1. d4 Nf6 2. c4 c5 3. d5 e6 4. Nc3 exd5 5. cxd5 d6 6. e4 g6 7. f4 Bg7 8. Bb5+
Nfd7 9. a4 Na6 10. Nf3 Nc7 11. Bxd7+ Bxd7 12. O-O O-O 13. Re1 Re8 14. e5 Bg4 15.
Be3 dxe5 16. fxe5 Rxe5 17. d6 Ne6 18. Bf2 Nd4 19. Rxe5 Bxe5 20. Qe1 Bxd6 21.
Nxd4 cxd4 22. Ne4 Be5 23. Bh4 Qb6 24. Qf2 Bf5 25. Ng3 Bxg3 26. Bxg3 d3 27. Qxb6
axb6 28. h3 Re8 29. Rd1 Re2 30. b4 Ra2 31. a5 bxa5 32. bxa5 Rxa5 33. Be1 Ra2 34.
Bd2 Be4 35. Kf2 f5 36. Ke3 Rb2 37. g4 Kf7 38. Kf4 Ke6 39. Kg5 Kf7 40. gxf5 Bxf5
41. h4 h5 42. Kh6 Kg8 43. Bc3 Rb3 44. Bd2 Kf7 45. Bg5 Ke6 46. Re1+ Kd5 {White
resigns} 0-1